 Dungeon Crawl Stone Soup version 0.31-a0-859-g9dce7d3444 (webtiles) character file.

Game seed: 13097273711855568565

3724 promet the Fighter (level 9, -1/83 HPs)
             Began as a Minotaur Fighter on Oct 9, 2023.
             Was a Follower of Wu Jian.
             Slain by a sixfirhy (4 damage)
             ... on level 9 of the Dungeon.
             The game lasted 00:31:02 (9999 turns).

promet the Fighter (Minotaur Fighter)               Turns: 9999, Time: 00:31:03

Health: -1/83      AC: 11    Str: 23      XL:     9   Next: 92%
Magic:  7/7        EV: 10    Int:  5 (7)  God:    Wu Jian [*.....]
Gold:   477        SH:  0    Dex: 10      Spells: 8/8 levels left

rFire   . . .        a - +5 battleaxe
rCold   . . .        (shield currently unavailable)
rNeg    . . .        f - +0 scale mail
rPois   .            (helmet restricted)
rElec   .            j - +1 cloak
rCorr   .            h - +0 pair of gloves
SInv    .            (no boots)
Will    .....        (no amulet) Stlth
                     (no ring)
HPRegen 0.33/turn    (no ring)
MPRegen 0.10/turn

%: no passive effects
@: no status effects
A: horns 2, retaliatory headbutt, low MP 1, inability to drink after injury 1
a: Renounce Religion


You were on level 9 of the Dungeon.
You worshipped Wu Jian.
Wu Jian was aware of your devotion.
You visited 1 branch of the dungeon, and saw 9 of its levels.
You also visited: Sewer.

You collected 477 gold pieces.

Inventory:

Hand Weapons
 a - a +5 battleaxe (weapon)
 b - the +6 sling of the Yoke {drain, Dex+4}
   (You found it on level 4 of the Dungeon)

   Dex+4:     It affects your dexterity (+4).
 n - a +2 trident of venom
 q - a +4 mace
 v - a +0 war axe
 x - a +0 arbalest
 A - a +0 bardiche
Missiles
 e - 60 stones (quivered)
 g - 12 javelins
 i - 13 poisoned darts
 r - 9 boomerangs
 y - 5 curare-tipped darts
Armour
 c - a +0 buckler
 f - a +0 scale mail (worn)
 h - a +0 pair of gloves (worn)
 j - a +1 cloak (worn)
 m - a +0 leather armour of poison resistance
Wands
 B - a wand of iceblast (9)
 C - a wand of flame (3)
Scrolls
 s - a scroll of fog
 D - a scroll of revelation
Potions
 d - a potion of might
 k - 4 potions of enlightenment
 l - 3 potions of attraction
 o - a potion of resistance
 p - 2 potions of invisibility
 u - 2 potions of cancellation {unknown}
 w - a potion of haste {unknown}
 z - a potion of heal wounds {unknown}


   Skills:
 * Level 9.2 Fighting
 + Level 7.7(7.9) Axes
 - Level 2.3(5.4) Maces & Flails
 * Level 8.1 Ranged Weapons
 - Level 2.3 Throwing
 + Level 7.7 Armour
 - Level 2.1 Dodging
 - Level 1.0 Stealth
 + Level 4.9 Shields


You had 8 spell levels left.
You didn't know any spells.
Your spell library contained the following spells:

 Spells                   Type           Power      Damage    Failure   Level
 Kiss of Death            Conj/Necr      0%         2d5       77%         1
 Ensorcelled Hibernation  Hex/Ice        0%         N/A       88%         2
 Passwall                 Tmut/Erth      0%         N/A       88%         2
 Confusing Touch          Hex            0%         N/A       98%         3
 Gell's Gravitas          Tloc           0%         N/A       98%         3
 Swiftness                Air            0%         N/A       98%         3
 Teleport Other           Tloc           0%         N/A       98%         3
 Animate Dead             Necr           0%         N/A       100%        4
 Dispel Undead            Necr           0%         3d6       100%        4
 Dispersal                Tloc           0%         N/A       100%        6
 Haunt                    Necr/Summ      0%         N/A       100%        7
 Infestation              Necr           0%         N/A       100%        8


Dungeon Overview and Level Annotations

Branches:
Dungeon (9/15)             Temple (0/1) D:7            Lair (0/5) D:8
  Sewer (visited)
    Orc: D:9-12

Altars:
Cheibriados
Makhleb
Wu Jian
The Shining One

Shops:
D:7 *


Innate Abilities, Weirdness & Mutations

You have a pair of horns on your head.
You reflexively headbutt those who attack you in melee.
Your magical capacity is low. (-10% MP)
You occasionally lose the ability to drink potions when taking damage.


Message History

The sixfirhy shocks you!
* * * LOW HITPOINT WARNING * * *
You climb upwards.
There is a stone staircase leading down here.
You start resting.
HP restored.
You start waiting.
Done waiting.
There is a stone staircase leading down here.
You climb downwards.
There is a stone staircase leading up, spattered with blood here.
You miss the sixfirhy. The sixfirhy closely misses you.
You slash the sixfirhy! Your headbutt misses the sixfirhy.
The sixfirhy is moderately wounded.
The sixfirhy completely misses you.
The sixfirhy hits you but does no damage.
The sixfirhy hits you! The sixfirhy shocks you! The sixfirhy hits you!
The sixfirhy shocks you!
The sixfirhy hits you but does no damage.
The sixfirhy hits you. The sixfirhy shocks you!
You slice the sixfirhy!! Your headbutt misses the sixfirhy.
The sixfirhy is severely wounded.
The sixfirhy hits you! The sixfirhy shocks you!
* * * LOW HITPOINT WARNING * * *
You completely miss the sixfirhy. Your headbutt misses the sixfirhy.
The sixfirhy is severely wounded.
You closely miss the sixfirhy.
The sixfirhy is severely wounded.
The sixfirhy hits you but does no damage.
The sixfirhy barely misses you.
The sixfirhy hits you but does no damage.
The sixfirhy hits you.
* * * LOW HITPOINT WARNING * * *
The sixfirhy shocks you!
* * * LOW HITPOINT WARNING * * *
The sixfirhy closely misses you.
You completely miss the sixfirhy. You headbutt the sixfirhy.
The sixfirhy is severely wounded.
The sixfirhy hits you.
You die...

#..##..###..#...#......#
#..##..# #..#...#.....#
#......# #..#........###
#......# #..#..........#
#......# #..#.........(#
#......# #..#...........
#......###..............
#.......................
#......@3...........†...
#.....###....>.....####<
#.....# #..........# #.
#.....# #..........# #.
#.....# #..........# #.
#.....# #..........# #.
#.....# #.......... #.
....... #. ..


You could see a sixfirhy.

Vanquished Creatures
  A sixfirhy (D:9)
  A hellwing (D:9)
  Grinder (D:4)
  2 wyverns
  A neqoxec (D:9)
  A swamp worm (D:8)
  2 sky beasts (D:7)
  Pargi (Sewer)
  2 black bears
  An ice beast (D:7)
  A centaur (D:7)
  A phantom (D:5)
  A kobold brigand (D:7)
  A bullfrog (D:8)
  4 scorpions
  4 wights (D:7)
  6 howler monkeys
  A gnoll bouda (D:6)
  A hound (D:4)
  4 jellies
  4 iguanas
  8 orc wizards
  A human skeleton (D:9)
  8 gnolls
  4 adders
  A river rat (D:5)
  3 white imps
  2 worms
  2 dart slugs
  17 orcs
  10 ball pythons
  5 endoplasms
  2 giant cockroaches
  2 hobgoblins
  4 jackals (D:1)
  3 quokkas
  4 bats
  5 frilled lizards
  4 goblins
  14 kobolds
  5 rats
145 creatures vanquished.

Notes
Turn   | Place    | Note
-------+----------+-------------------------------------------
     0 | D:1      | promet the Minotaur Fighter began the quest for the Orb.
     0 | D:1      | Reached XP level 1. HP: 19/19 MP: 0/0
   646 | D:1      | Reached XP level 2. HP: 27/27 MP: 1/1
   651 | D:1      | Reached skill level 4 in Fighting
  1479 | D:2      | Reached XP level 3. HP: 34/34 MP: 2/2
  1961 | D:3      | Found a snail-covered altar of Cheibriados.
  1967 | D:3      | Found a burning altar of Makhleb.
  2195 | D:3      | Reached XP level 4. HP: 41/41 MP: 3/3
  2394 | D:3      | Reached skill level 5 in Fighting
  2394 | D:3      | Reached XP level 5. HP: 48/48 MP: 4/4
  2997 | D:4      | Noticed Grinder
  3005 | D:4      | Killed Grinder
  3006 | D:4      | Reached skill level 1 in Maces & Flails
  3006 | D:4      | Reached skill level 1 in Throwing
  3006 | D:4      | Reached skill level 1 in Dodging
  3006 | D:4      | Reached XP level 6. HP: 56/56 MP: 5/5
  3207 | D:4      | Reached skill level 5 in Axes
  3207 | D:4      | Reached XP level 7. HP: 46/62 MP: 6/6
  3389 | D:4      | Identified the +6 sling of the Yoke {drain, Dex+4}
  3957 | D:4      | Reached skill level 1 in Stealth
  4024 | D:5      | Entered Level 5 of the Dungeon
  4120 | D:5      | Reached skill level 5 in Armour
  4130 | D:5      | Reached skill level 1 in Ranged Weapons
  4149 | D:5      | Reached skill level 6 in Fighting
  4453 | D:5      | Found a glowing drain.
  4474 | Sewer    | Entered a sewer
  4522 | Sewer    | Noticed Pargi
  4536 | Sewer    | Killed Pargi
  4537 | Sewer    | Reached XP level 8. HP: 53/71 MP: 7/7
  4996 | D:5      | Found an ornate altar of the Wu Jian Council.
  5005 | D:5      | Became a worshipper of the Wu Jian Council
  5793 | D:6      | Reached skill level 7 in Fighting
  6964 | D:7      | Reached skill level 5 in Ranged Weapons
  7179 | D:7      | Reached skill level 8 in Fighting
  7388 | D:7      | Reached * piety under Wu Jian
  7395 | D:7      | Reached XP level 9. HP: 39/81 MP: 8/8
  7612 | D:7      | Found a staircase to the Ecumenical Temple.
  7739 | D:7      | Found Gocry's Island Escapes.
  8579 | D:8      | Found a glowing golden altar of the Shining One.
  8822 | D:8      | Found a staircase to the Lair.
  9473 | D:9      | Noticed a hellwing
  9482 | D:9      | Gained mutation: You occasionally lose the ability to drink
                  | potions when taking damage. [a neqoxec]
  9495 | D:9      | Killed a hellwing
  9495 | D:9      | Gained mutation: Your magical capacity is low. (-10% MP) [a
                  | neqoxec]
  9503 | D:9      | HP: 1/82 [neqoxec (11)]
  9627 | D:9      | Noticed a sixfirhy
  9636 | D:9      | Noticed a sixfirhy
  9640 | D:9      | Killed a sixfirhy
  9641 | D:9      | Reached skill level 9 in Fighting
  9998 | D:9      | HP: 2/83 [sixfirhy (11)]
  9999 | D:9      | Slain by a sixfirhy

Illustrated notes

Levels and vault maps discovered:
D:1:      dpeg_arrival_rooms_b, layout_basic
D:2:      layout_basic
D:3:      layout_basic, mainiacjoe_overflow_catwalk_spiral
D:4:      layout_basic, minivault_5, uniq_grinder
D:5:      layout_loops_ring, kennysheep_mini_moat, cheibrodos_sewer_entry_sluice
D:6:      layout_gridville
D:7:      layout_basic, lemuel_temple_firewalk_b,
          chequers_serial_rivers_small_b, nicolae_island_escapes
D:8:      layout_basic, tso_altar, lair_entry_dummy, worms_lemuel
D:9:      hellmonk_destroyed_diamonds, layout_long_grid, dk_yredelemnul_ordeal,
          serial_demonic, serial_demonic_g, serial_demonic_g, serial_demonic_c,
          serial_demonic_e

Skill      XL: |  1  2  3  4  5  6  7  8  9 |
---------------+----------------------------+-----
Fighting       | 4 5 6 8 9 |  9.2
Armour         | 4 5 6 7 |  7.7
Axes           | 3 4 5 6 7 |  7.7
Shields        | 4 |  4.9
Maces & Flails | 1 2 |  2.3
Throwing       | 1 2 |  2.3
Dodging        | 1 2 |  2.1
Stealth        | 1 |  1.0
Ranged Weapons | 3 5 8 |  8.1

Action                     |  1- 3 |  4- 6 |  7- 9 || total
---------------------------+-------+-------+-------++-------
  Melee: War axe           |    69 |    72 |   104 ||   245
         Headbutt          |     9 |    12 |    23 ||    44
         Battleaxe         |       |       |    56 ||    56
   Fire: Sling             |       |       |   117 ||   117
  Throw: Stone             |    17 |       |     1 ||    18
Ability: Lunge             |       |       |     1 ||     1
    Use: Scroll            |     4 |     3 |    12 ||    19
         Potion            |       |     1 |     6 ||     7
   Stab: Invisible         |       |       |     1 ||     1
 Armour: Scale mail        |    43 |    66 |   229 ||   338
  Dodge: Dodged            |    38 |    29 |   105 ||   172
  Block: Buckler           |    20 |    16 |    27 ||    63

Table legend: (Time is in decaauts)
 A = Elapsed time spent in this place.
 B = Non-inter-level travel time spent in this place.
 C = Inter-level travel time spent in this place.
 D = Time resting spent in this place.
 E = Time spent auto-exploring this place.
 F = Levels seen in this place.
 G = Mean time per level.
                   A        B        C        D        E       F      G
               +--------+--------+--------+--------+--------+-----+--------+
         Total |  10190 |   9940 |    250 |   3062 |   3899 |  10 | 1019.0 |
       Dungeon |   9980 |   9730 |    250 |   3030 |   3872 |   9 | 1108.9 |
         Sewer |    209 |    209 |      0 |     32 |     27 |   1 |  209.0 |
               +--------+--------+--------+--------+--------+-----+--------+

Top non-repeatable levels by time:
     D:8: 1786 daAuts
     D:6: 1622 daAuts
     D:7: 1307 daAuts
     D:4: 1216 daAuts
     D:3: 1079 daAuts
     D:1: 1075 daAuts
     D:5: 904 daAuts
     D:2: 722 daAuts
     D:9: 266 daAuts
   Sewer: 209 daAuts
